 Dungeon Crawl Stone Soup version 0.30-a0-782-ge64f9170bb (webtiles) character file.

Game seed: 7709770617697734880

30873 Angani the Scholar (level 13, -5/96 HPs)
             Began as a Yellow Draconian Necromancer on Feb 23, 2023.
             Was an Elder of Sif Muna.
             Slain by a red ugly thing (18 damage)
             ... on level 14 of the Dungeon on Feb 24, 2023.
             The game lasted 00:46:18 (18869 turns).

Angani the Scholar (Yellow Draconian Necromancer)  Turns: 18869, Time: 00:46:19

Health: -5/96      AC: 12    Str: 11    XL:     13   Next: 22%
Magic:  18/27      EV: 13    Int: 21    God:    Sif Muna [****..]
Gold:   637        SH:  0    Dex: 11    Spells: 8/32 levels left

rFire   . . .      SeeInvis +    Q - +1 lajatang (venom)
rCold   . . .      Faith    .    (shield currently unavailable)
rNeg    . . .      Spirit   .    (body armour unavailable)
rPois   .          Reflect  .    (helmet restricted)
rElec   .          Harm     +    d - scarf {harm}
rCorr   +          Rampage  .    B - +2 pair of gloves
Will    +....                    L - +0 pair of boots
Stlth   ++                       q - amulet of regeneration
HPRegen 1.16/turn                K - ring of willpower
MPRegen 0.20/turn                p - ring of see invisible

@: short of breath
A: spit acid, AC +8, unfitting armour, cold-blooded, acid resistance
a: Breathe Acid, Renounce Religion, Channel Magic, Forget Spell, Divine Exegesis


You were on level 14 of the Dungeon.
You worshipped Sif Muna.
Sif Muna was greatly pleased with you.
You visited 1 branch of the dungeon, and saw 14 of its levels.
You also visited: Sewer.

You collected 937 gold pieces.
You spent 300 gold pieces at shops.

Inventory:

Hand Weapons
 f - a +1 dagger of draining
 Q - a +1 lajatang of venom (weapon)
Armour
 d - a scarf of harm (worn)
 B - a +2 pair of gloves (worn)
 L - a +0 pair of boots (worn)
Magical Staves
 G - a staff of death
Jewellery
 a - a ring of fire
 p - a ring of see invisible (right hand)
 q - an amulet of regeneration (around neck)
 w - a +5 ring of evasion
 y - a ring of positive energy
 F - a ring of poison resistance
 I - a ring of fire
 K - a ring of willpower (left hand)
 P - a ring of positive energy
Wands
 H - a wand of flame (24)
 M - a wand of quicksilver (3)
 N - a wand of paralysis (4)
Scrolls
 c - 6 scrolls of poison
 j - 3 scrolls of blinking
 n - 2 scrolls of immolation
 o - 3 scrolls of amnesia
 r - 4 scrolls of teleportation
 C - 2 scrolls of silence
 D - a scroll of fog
 J - a scroll of enchant armour
Potions
 b - 3 potions of mutation
 e - 3 potions of invisibility
 g - a potion of ambrosia
 h - 10 potions of curing
 i - 2 potions of berserk rage
 k - 5 potions of heal wounds
 m - 5 potions of might
 s - 2 potions of brilliance
 u - 4 potions of flight
 v - 7 potions of haste
 z - 2 potions of resistance
Miscellaneous
 O - a box of beasts


   Skills:
 + Level 3.8 Fighting
 + Level 3.4 Staves
 + Level 3.7 Dodging
 - Level 1.7 Stealth
 - Level 10.0 Spellcasting
 - Level 8.1 Hexes
 - Level 6.5 Necromancy
 - Level 6.3 Transmutations
 - Level 10.8 Air Magic
 + Level 11.5 Invocations


You had 8 spell levels left.
You knew the following spells:

 Your Spells              Type           Power      Damage    Failure   Level
a - Necrotise             Necr           100%       1d9       1%          1
b - Vampiric Draining     Necr           38%        2d8       1%          3
c - Tukima's Dance        Hex            44%        N/A       1%          3
d - Dispel Undead         Necr           38%        3d16      4%          4
e - Animate Dead          Necr           38%        N/A       4%          4
f - Airstrike             Air            27%        2d(4-20)  1%          4
g - Yara's Violent Unrav  Hex/Tmut       20%        3d9       9%          5

Your spell library contained the following spells:

 Spells                   Type           Power      Damage    Failure   Level
 Shock                    Conj/Air       100%       1d9       1%          1
 Slow                     Hex            100%       N/A       1%          1
 Cigotuvi's Dreadful Rot  Necr/Pois/Air  68%        N/A       1%          2
 Poisonous Vapours        Pois/Air       66%        N/A       1%          2
 Confusing Touch          Hex            44%        N/A       1%          3
 Swiftness                Air            54%        N/A       1%          3
 Portal Projectile        Hex/Tloc       54%        N/A       3%          3
 Kindle Blastsparks       Fire/Tloc/Air  50%        2d14      4%          3
 Mephitic Cloud           Conj/Pois/Air  25%        N/A       4%          3
 Magic Dart               Conj           40%        1d5       6%          1
 Ignite Poison            Fire/Tmut/Pois 19%        N/A       9%          3
 Call Imp                 Summ           10%        N/A       10%         2
 Scorch                   Fire           20%        2d6       10%         2
 Agony                    Necr           38%        N/A       12%         5
 Blade Hands              Tmut           18%        N/A       13%         5
 Freezing Cloud           Conj/Ice/Air   12%        6-21      38%         5
 Flame Wave               Conj/Fire      10%        2d6       54%         4
 Death Channel            Necr           19%        N/A       56%         6
 Enfeeble                 Hex            22%        N/A       88%         7
 Summon Cactus Giant      Summ           5%         N/A       100%        6


Dungeon Overview and Level Annotations

Branches:
Dungeon (14/15)            Temple (0/1) D:7            Lair (0/5) D:8
    Orc (0/2) D:10         Vaults (0/5) D:13          Sewer (visited)

Altars:
Cheibriados
Dithmenos
Fedhas
Gozag
Hepliaklqana
Okawaru
Ru
Sif Muna
Trog
Uskayaw
Vehumet
Wu Jian
The Shining One

Shops:
D:3 (   D:7 :

Annotations:
D:13 2 transporters
D:14 3 runed translucent doors, exclusion: 3 doors, gabibbone's ghost, journeyman TrFi


Innate Abilities, Weirdness & Mutations

You can spit globs of acid.
Your golden yellow scales are hard. (AC +8)
You cannot fit into any form of body armour.
You are cold-blooded and may be slowed by cold attacks.
You are resistant to acid. (rCorr)


Message History

The glob of acid hits the red ugly thing!!
The acid splashes onto the red ugly thing!
The red ugly thing is splashed with acid.
The red ugly thing is moderately wounded.
The red ugly thing bites you but does no damage.
The red ugly thing claws you!
You are engulfed in flames!
Casting: Airstrike (mildly dangerous; 1% risk of failure)
Confirm with . or Enter, or press ? or * to list all spells.
Aiming: Vampiric Draining (safe; 1% risk of failure)
Press: ? - help, Shift-Dir - straight line, f/p - red ugly thing
Aim: a red ugly thing (moderately wounded)
You draw life force from the red ugly thing!
You feel life coursing into your body! The red ugly thing bites you.
You are engulfed in flames!
The red ugly thing claws you but does no damage.
The red ugly thing closely misses you.
Casting: Vampiric Draining (safe; 1% risk of failure)
Confirm with . or Enter, or press ? or * to list all spells.
Aiming: Vampiric Draining (safe; 1% risk of failure)
Press: ? - help, Shift-Dir - straight line, f/p - red ugly thing
Aim: a red ugly thing (severely wounded)
You draw life force from the red ugly thing!
You feel life coursing into your body! The red ugly thing bites you.
You are engulfed in flames!!
The red ugly thing claws you.
You are engulfed in flames!
* * * LOW HITPOINT WARNING * * *
The red ugly thing engulfs you but does no damage.
Unknown command.
Casting: Vampiric Draining (safe; 1% risk of failure)
Confirm with . or Enter, or press ? or * to list all spells.
Aiming: Vampiric Draining (safe; 1% risk of failure)
Press: ? - help, Shift-Dir - straight line, f/p - red ugly thing
Aim: a red ugly thing (almost dead)
You draw life force from the red ugly thing!
You kill the red ugly thing!
Sif Muna accepts your kill.
You feel life coursing into your body. The red ugly thing bites you!
* * * LOW HITPOINT WARNING * * *
You are engulfed in flames!
You die...

####......#..###...............
#............##...............
##..............##...#.##..##..
#...............##...#.##..####
#....................##########
#..##...........#...[# ....oC#.
#...#...........#.#..# ..#.#Q#.
.##..............u.....#
$.8.8Q#.
#..............†@......#
#!...e+.
#.....††........u......#
_)..mm+.
##..........##.........#
#[...W+.
#......#....#.##.......#
[.8.8.#.
..##..##.......#.......#
..#.#.#.
...............##......#
..(...#.
.......#.......####..#.#
########
#.##..##...#.....#.###.# ..
.#.#....#........####


You could see 2 ugly things.

Vanquished Creatures
  Kirke (D:14)
  Josephine (D:10)
  An ogre mage (D:13)
  6 two-headed ogres
  Erica (D:11)
  A death knight (D:13)
  2 boulder beetles
  The ghost of mopl the Martial Artist, a novice DjTm of Okawaru (D:7)
  4 skeletal warriors (D:14)
  A phantasmal warrior (D:13)
  A wolf spider (shapeshifter) (D:11)
  A deep elf pyromancer (D:12)
  A manticore (D:12)
  7 ugly things (D:14)
  A gargoyle (D:11)
  The ghost of Leeroy the Carver, a novice VSWr of Wu Jian (D:7)
  A kobold demonologist (D:10)
  3 trolls
  3 meliai (D:13)
  The ghost of clease the Magician, an amateur DjFE (D:4)
  A slime creature (D:13)
  2 shadows
  A vampire (D:11)
  7 wraiths
  13 yaks (D:10)
  2 steam dragons (D:8)
  10 vampire mosquitoes
  8 orc warriors
  2 ice beasts
  A black bear (D:7)
  2 sky beasts (D:7)
  4 ogres
  A phantom (D:5)
  3 centaurs
  4 kobold brigands
  5 bullfrogs
  A necrophage (D:6)
  7 scorpions
  3 wights
  3 killer bees (D:8)
  2 howler monkeys
  A lava snake (D:11)
  7 crimson imps (D:8)
  8 hounds
  A water moccasin simulacrum (D:4)
  3 gnoll boudas
  3 jellies
  12 orc priests
  Jessica (D:2)
  Terence (D:3)
  4 iguanas
  22 orc wizards
  2 scorpion simulacra (D:4)
  A river rat (Sewer)
  11 adders
  17 gnolls
  4 shadow imps
  3 white imps
  A howler monkey simulacrum (D:4)
  A worm (D:3)
  A dart slug (D:1)
  45 orcs
  10 ball pythons
  10 bats
  2 endoplasms
  3 giant cockroaches
  5 goblins
  8 hobgoblins
  A jackal (Sewer)
  22 kobolds
  4 quokkas
  2 frilled lizards
  A quokka simulacrum (D:4)
  10 rats
  A spectral hobgoblin (D:7)
349 creatures vanquished.

Vanquished Creatures (collateral kills)
  3 two-headed ogres
  3 ugly things (D:13)
  A yak (D:10)
  An orc warrior (D:10)
  A scorpion (D:10)
  A howler monkey (D:8)
  A gnoll bouda (D:5)
  3 gnolls (D:5)
  5 orcs
  2 bats (D:10)
  A goblin (D:4)
  2 kobolds
  4 rats (Sewer)
28 creatures vanquished.

Vanquished Creatures (others)
  7 humans (D:14)
  10 dancing weapons
  2 yak zombies (D:10)
  5 gnoll zombies (D:10)
  7 fungi (D:10)
  20 plants (D:3)
  6 withered plants (D:7)
57 creatures vanquished.

Grand Total: 434 creatures vanquished

Notes
Turn   | Place    | Note
-------+----------+-------------------------------------------
     0 | D:1      | Angani the Draconian Necromancer began the quest for the
                  | Orb.
     0 | D:1      | Reached XP level 1. HP: 14/14 MP: 3/3
   265 | D:1      | Reached XP level 2. HP: 20/20 MP: 0/5
  1108 | D:2      | Reached XP level 3. HP: 26/26 MP: 1/7
  1304 | D:2      | Learned a level 3 spell: Vampiric Draining
  1449 | D:2      | Learned a level 3 spell: Tukima's Dance
  1484 | D:2      | Noticed Jessica
  1487 | D:2      | Killed Jessica
  1526 | D:2      | Reached XP level 4. HP: 27/33 MP: 3/8
  2160 | D:3      | Reached skill level 5 in Necromancy
  2363 | D:3      | Reached XP level 5. HP: 30/38 MP: 4/10
  2467 | D:3      | Noticed Terence
  2473 | D:3      | Killed Terence
  2477 | D:3      | Found Odacza's Weapon Shoppe.
  3410 | D:4      | Reached XP level 6. HP: 45/45 MP: 7/12
  3441 | D:4      | Found a glowing drain.
  3496 | Sewer    | Entered a sewer
  3731 | Sewer    | Found a glowing silver altar of Zin.
  4010 | D:4      | Found a radiant altar of Vehumet.
  4077 | D:4      | Reached skill level 5 in Spellcasting
  4181 | D:4      | Found a runed translucent gate.
  4181 | D:4      | Found a runed translucent gate.
  4181 | D:4      | Found a runed translucent gate.
  4257 | D:4      | Noticed clease's ghost (amateur DjFE)
  4684 | D:5      | Entered Level 5 of the Dungeon
  4688 | D:5      | Your scales start taking on a golden yellow colour.
  4688 | D:5      | Reached XP level 7. HP: 50/50 MP: 10/14
  4688 | D:5      | Gained mutation: You are resistant to acid. (rCorr) [Yellow
                  | Draconian growth]
  4724 | D:5      | Reached skill level 1 in Hexes
  5031 | D:5      | Reached XP level 8. HP: 57/57 MP: 0/17
  6055 | D:6      | Reached skill level 5 in Hexes
  6273 | D:6      | Found a glowing golden altar of the Shining One.
  6723 | D:7      | Found a shimmering blue altar of Sif Muna.
  6731 | D:7      | Became a worshipper of Sif Muna the Loreminder
  6770 | D:7      | Reached XP level 9. HP: 62/62 MP: 16/20
  6814 | D:7      | Found a runed translucent gate.
  6815 | D:7      | Found a runed translucent gate.
  6815 | D:7      | Found a runed translucent gate.
  6816 | D:7      | Noticed Leeroy's ghost (novice VSWr)
  6816 | D:7      | Noticed mopl's ghost (novice DjTm)
  6993 | D:7      | Found an iron altar of Okawaru.
  7313 | D:7      | Found a staircase to the Ecumenical Temple.
  7459 | D:7      | Found Vomegumiff's Book Boutique.
  7462 | D:7      | Bought a book of Decay for 300 gold pieces
  7474 | D:7      | Found a bloodstained altar of Trog.
  7480 | D:7      | Learned a level 4 spell: Dispel Undead
  7552 | D:7      | Noticed a troll
  7590 | D:7      | Killed a troll
  7716 | D:7      | Found an opulent altar of Gozag.
  7866 | D:7      | Found a blossoming altar of Fedhas.
  7903 | D:7      | Found a shadowy altar of Dithmenos.
  7906 | D:7      | Found a hide-covered altar of Uskayaw.
  7909 | D:7      | Found a snail-covered altar of Cheibriados.
  7938 | D:7      | Found a hazy altar of Hepliaklqana.
  8200 | D:7      | Killed mopl's ghost
  8213 | D:7      | Killed Leeroy's ghost
  8214 | D:7      | Reached XP level 10. HP: 69/69 MP: 8/23
  8475 | D:4      | Killed clease's ghost
  8568 | D:4      | Reached * piety under Sif Muna
  8705 | D:7      | Learned a level 4 spell: Animate Dead
  8762 | D:8      | Reached skill level 1 in Invocations
  8927 | D:8      | Reached skill level 10 in Spellcasting
  8992 | D:8      | Noticed a two-headed ogre
  8994 | D:8      | Reached skill level 2 in Invocations
  9010 | D:8      | Killed a two-headed ogre
  9011 | D:8      | Reached skill level 4 in Invocations
  9056 | D:8      | Reached skill level 5 in Invocations
  9294 | D:8      | Learned a level 4 spell: Airstrike
  9304 | D:8      | Reached skill level 1 in Air Magic
  9354 | D:8      | Found a staircase to the Lair.
  9685 | D:9      | Noticed a gargoyle
  9819 | D:9      | Noticed a two-headed ogre
  9831 | D:9      | Killed a two-headed ogre
  9832 | D:9      | Reached skill level 6 in Invocations
 10375 | D:9      | Noticed a two-headed ogre
 10380 | D:9      | Killed a two-headed ogre
 10381 | D:9      | Reached skill level 7 in Invocations
 10464 | D:9      | Found a sacrificial altar of Ru.
 10626 | D:10     | Entered Level 10 of the Dungeon
 10637 | D:10     | Reached ** piety under Sif Muna
 10867 | D:10     | Reached XP level 11. HP: 34/74 MP: 17/25
 10875 | D:10     | Reached skill level 5 in Air Magic
 11235 | D:10     | Noticed Josephine
 11246 | D:10     | Reached skill level 8 in Invocations
 11285 | D:10     | Killed Josephine
 11797 | D:10     | Reached skill level 9 in Invocations
 12023 | D:10     | Found an ornate altar of the Wu Jian Council.
 12036 | D:10     | Noticed a two-headed ogre
 12044 | D:10     | Killed a two-headed ogre
 12177 | D:10     | Reached *** piety under Sif Muna
 12762 | D:10     | Found a staircase to the Orcish Mines.
 13034 | D:10     | Reached skill level 10 in Invocations
 13130 | D:11     | Noticed a swamp dragon
 13131 | D:11     | Noticed a two-headed ogre
 13137 | D:11     | Killed a two-headed ogre
 13261 | D:11     | Noticed a wolf spider
 13266 | D:11     | Killed a wolf spider
 13493 | D:11     | Noticed a boulder beetle
 13549 | D:11     | Killed a boulder beetle
 13732 | D:11     | Noticed Erica
 13736 | D:11     | Killed Erica
 13737 | D:11     | Reached XP level 12. HP: 81/81 MP: 13/26
 13839 | D:11     | Learned a level 5 spell: Yara's Violent Unravelling
 14477 | D:12     | Reached skill level 1 in Transmutations
 14550 | D:12     | Noticed a two-headed ogre
 14561 | D:12     | Killed a two-headed ogre
 15764 | D:13     | Found a transporter.
 15764 | D:13     | Noticed a boulder beetle
 15765 | D:13     | Found a transporter.
 15765 | D:13     | Noticed a boulder beetle
 16045 | D:13     | Noticed a two-headed ogre
 16050 | D:13     | Noticed a two-headed ogre
 16051 | D:13     | Noticed a death knight
 16063 | D:13     | Killed a two-headed ogre
 16063 | D:13     | Reached **** piety under Sif Muna
 16194 | D:13     | Reached skill level 10 in Air Magic
 16237 | D:13     | Killed a two-headed ogre
 16238 | D:13     | Reached skill level 5 in Transmutations
 16318 | D:13     | Noticed an ogre mage
 16323 | D:13     | Killed an ogre mage
 16438 | D:13     | Noticed a boulder beetle
 16460 | D:13     | HP: 2/81 [boulder beetle (15)]
 16461 | D:13     | Killed a boulder beetle
 16576 | D:13     | Found a gate to the Vaults.
 17205 | D:13     | Killed a death knight
 17578 | D:14     | Noticed Kirke
 17587 | D:14     | Killed Kirke
 17588 | D:14     | Reached skill level 1 in Fighting
 17588 | D:14     | Reached skill level 1 in Staves
 17588 | D:14     | Reached skill level 11 in Invocations
 17752 | D:14     | HP: 4/84 [skeletal warrior/+0 mace (25)]
 17862 | D:14     | Reached XP level 13. HP: 88/93 MP: 18/27
 17947 | D:14     | Found a runed translucent gate.
 17947 | D:14     | Found a runed translucent gate.
 17947 | D:14     | Found a runed translucent gate.
 17947 | D:14     | Noticed a frost giant
 17947 | D:14     | Noticed a merfolk javelineer
 17948 | D:14     | Noticed a merfolk javelineer
 17949 | D:14     | Noticed gabibbone's ghost (journeyman TrFi)
 17950 | D:14     | Found an iron altar of Okawaru.
 17995 | D:14     | Identified the +6 ring mail of Necvijev {rF++ rN+}
 18753 | D:13     | HP: 1/95 [red ugly thing (21)]
 18869 | D:14     | Slain by a red ugly thing

Illustrated notes

Levels and vault maps discovered:
D:1:      amcnicky_arrival_blooded_trapdoor, layout_loops_ring
D:2:      layout_loops_ring, kennysheep_path_1,
          amcnicky_mini_rare_corridor_liquid, uniq_jessica
D:3:      layout_basic, serial_shops,
          nicolae_shop_temple_entry_statues_fountains, nicolae_grassy_gnolls,
          uniq_terence
D:4:      layout_loops_ring, fiery_altar_vehumet, gup_sewer_entry_bubbles,
          gammafunk_ghost_icy, grunt_tough_drop
D:5:      layout_rooms
D:6:      layout_basic, mainiacjoe_overflow_24_doors, kennysheep_donut,
          hangedman_decor_riveting
D:7:      layout_basic, okawaru_trees_1, nicolae_hepliaklqana_monster_ancestors,
          grunt_temple_overflow_cloverleaf, nicolae_overflow_crystal_walls,
          amcnicky_altar_gilded, minmay_temple_entry_gardened_gates,
          gammafunk_ghost_cemetery, serial_shops, kennysheep_mini,
          chequers_serial_rivers_room_a, minmay_ruined_shrine
D:8:      layout_basic, lair_entry_dummy, serial_rivers,
          chequers_serial_rivers_micro_e, chequers_serial_rivers_small_a,
          chequers_serial_rivers_micro_a, chequers_serial_rivers_micro_e,
          chequers_serial_rivers_micro_a, minmay_nine_imps
D:9:      layout_cave_pools, nicolae_ru_path_of_blood
D:10:     old_forge, layout_loops_corners, nicolae_wu_jian_wuxing_cycle,
          david_orc_4, uniq_josephine
D:11:     layout_stronghold, kennysheep_island_fort, uniq_erica
D:12:     layout_loops_cross
D:13:     gammafunk_boulding_lane, layout_loops_cross, david_vaults_2
D:14:     layout_cave_pools, gammafunk_ghost_fury_of_okawaru,
          kennysheep_nondescript, hangedman_decor_slide_cut, uniq_kirke

Skill      XL: |  1  2  3  4  5  6  7  8  9 10 11 12 13 |
---------------+----------------------------------------+-----
Spellcasting   | 3 4 5 6 7 9 10 | 10.0
Necromancy     | 5 6 |  6.5
Hexes          | 3 5 8 |  8.1
Invocations    | 7 10 11 | 11.5
Air Magic      | 4 8 10 | 10.8
Transmutations | 6 |  6.3
Fighting       | 2 3 |  3.8
Staves         | 2 3 |  3.4
Dodging        | 2 3 |  3.7
Stealth        | |  1.7

Action                     |  1- 3 |  4- 6 |  7- 9 | 10-12 | 13-15 || total
---------------------------+-------+-------+-------+-------+-------++-------
  Melee: Unarmed           |    11 |       |       |       |       ||    11
         Dagger            |     4 |     8 |   100 |       |       ||   112
         Tailslap          |       |     1 |    19 |    66 |       ||    86
         Punch             |       |       |     2 |     3 |       ||     5
         Staff             |       |       |     8 |   420 |       ||   428
   Cast: Necrotise         |    43 |   141 |   197 |   212 |       ||   593
         Vampiric Draining |       |     1 |     5 |    47 |     3 ||    56
         Tukima's Dance    |       |       |     7 |    36 |       ||    43
         Dispel Undead     |       |       |     5 |    31 |       ||    36
         Animate Dead      |       |       |       |     5 |       ||     5
         Airstrike         |       |       |       |    93 |    33 ||   126
         Yara's Violent Un |       |       |       |     1 |       ||     1
 Invoke: Channel Magic     |       |       |       |     2 |       ||     2
Ability: Breathe Acid      |       |       |    11 |    43 |     4 ||    58
  Evoke: Box of beasts     |       |       |       |     1 |       ||     1
         Wand              |       |       |       |     3 |       ||     3
    Use: Scroll            |       |       |       |    28 |     4 ||    32
         Potion            |       |       |       |     2 |       ||     2
 Armour: Skin              |    11 |    19 |    47 |   273 |     7 ||   357
  Dodge: Dodged            |    17 |    43 |   138 |   677 |     6 ||   881

Table legend: (Time is in decaauts)
 A = Elapsed time spent in this place.
 B = Non-inter-level travel time spent in this place.
 C = Inter-level travel time spent in this place.
 D = Time resting spent in this place.
 E = Time spent auto-exploring this place.
 F = Levels seen in this place.
 G = Mean time per level.
                   A        B        C        D        E       F      G
               +--------+--------+--------+--------+--------+-----+--------+
         Total |  19048 |  18315 |    733 |   4435 |  10433 |  15 | 1269.9 |
       Dungeon |  18742 |  18009 |    733 |   4349 |  10285 |  14 | 1338.7 |
         Sewer |    305 |    305 |      0 |     86 |    148 |   1 |  305.0 |
               +--------+--------+--------+--------+--------+-----+--------+

Top non-repeatable levels by time:
    D:10: 2714 daAuts
    D:13: 1992 daAuts
     D:7: 1897 daAuts
    D:12: 1608 daAuts
     D:4: 1396 daAuts
     D:3: 1387 daAuts
    D:11: 1132 daAuts
     D:8: 1103 daAuts
     D:5: 1010 daAuts
     D:1: 964 daAuts
     D:6: 964 daAuts
     D:2: 963 daAuts
    D:14: 873 daAuts
     D:9: 734 daAuts
   Sewer: 305 daAuts
